[ AOE2 MATCH · #495986225 ]
UnrankedPoles vs Poles
Player's team · LOSS
Rival team · WIN
[ REPLAY ANALYSIS · EXTRACTED FROM THE RECORDED GAME ]
Feudal
9:38
Castle
21:13
Imperial
37:06
| APM avg | 60.6 |
| APM peak | 95 |
| eAPM avg | 34.5 |
| Villagers / military | 153 / 204 |
Focus
⚔️ 57.1% · 🌾 42.9%
Knight ×84 · Obuch ×70 · Petard ×14 · Fishing Ship ×11 · Spearman ×9 · Battering Ram ×8
Feudal
9:49
Castle
19:50
Imperial
34:55
| APM avg | 42.4 |
| APM peak | 64 |
| eAPM avg | 25.5 |
| Villagers / military | 98 / 139 |
Focus
⚔️ 45.5% · 🌾 54.5%
Knight ×114 · Fishing Ship ×26 · Scout Cavalry ×8 · Trebuchet (Packed) ×6 · Monk ×4 · Spearman ×4
Match map
Initial resources + every placement click. Lines = walls · curves = elevation contours. ◆ gold · ⬟ stone · ● berries · ✦ relic · ◌ wall gap
Your base· ✓ Closed at 21:13 · 34t walls · 2 gate(s)
Kejserguldbajer 2.'s base· Open — unwalled flank
Smoothed initial terrain · ◌ = detected wall gap · hover for details
Inputs per minute
— [BRTIM] O grande - - Kejserguldbajer 2.
Build order — [BRTIM] O grande
First 150 of 498 actions detected
| 0:02 | Create | Villager (Male) |
| 0:02 | Create | Villager (Male) |
| 0:03 | Build | House |
| 0:05 | Build | House |
| 0:20 | Create | Villager (Male) |
| 0:27 | Create | Villager (Male) |
| 1:22 | Build | Lumber Camp |
| 1:31 | Create | Villager (Male) |
| 2:09 | Create | Villager (Male) |
| 2:15 | Create | Villager (Male) |
| 3:10 | Create | Villager (Male) |
| 3:11 | Create | Villager (Male) |
| 3:19 | Build | House |
| 3:30 | Create | Villager (Male) |
| 3:48 | Build | Dock |
| 4:01 | Create | Villager (Male) |
| 4:17 | Create | Villager (Male) |
| 4:18 | Create | Villager (Male) |
| 4:41 | Create | Fishing Ship |
| 4:41 | Create | Fishing Ship |
| 4:58 | Create | Villager (Male) |
| 4:58 | Create | Villager (Male) |
| 5:22 | Create | Villager (Male) |
| 5:22 | Create | Villager (Male) |
| 5:25 | Create | Fishing Ship |
| 5:31 | Build | House |
| 5:47 | Create | Villager (Male) |
| 5:47 | Create | Villager (Male) |
| 5:51 | Create | Villager (Male) |
| 6:16 | Create | Fishing Ship |
| 6:17 | Create | Fishing Ship |
| 6:32 | Create | Villager (Male) |
| 6:55 | Research | Loom |
| 7:05 | Create | Fishing Ship |
| 7:05 | Create | Fishing Ship |
| 7:26 | Research | Feudal Age |
| 7:26 | Research | Feudal Age |
| 7:47 | Build | House |
| 7:48 | Build | House |
| 8:47 | Build | Barracks |
| 8:57 | Build | Barracks |
| 9:00 | Build | House |
| 9:07 | Build | Palisade Wall |
| 9:12 | Create | Villager (Male) |
| 9:24 | Create | Villager (Male) |
| 9:38 | Age | Feudal Age |
| 9:41 | Research | Double-Bit Axe |
| 9:44 | Create | Galley |
| 9:50 | Create | Villager (Male) |
| 9:57 | Build | Palisade Wall |
| 10:01 | Create | Spearman |
| 10:06 | Create | Villager (Male) |
| 10:29 | Build | Stable |
| 10:36 | Create | Villager (Male) |
| 10:43 | Build | Mining Camp |
| 10:47 | Create | Spearman |
| 11:13 | Create | Scout Cavalry |
| 11:14 | Create | Scout Cavalry |
| 11:16 | Build | House |
| 11:20 | Build | Palisade Gate |
| 11:21 | Build | Palisade Wall |
| 11:28 | Create | Fishing Ship |
| 11:34 | Build | House |
| 11:37 | Build | Palisade Wall |
| 11:45 | Create | Fishing Ship |
| 11:45 | Create | Villager (Male) |
| 11:46 | Create | Villager (Male) |
| 11:46 | Create | Villager (Male) |
| 12:06 | Build | House |
| 12:15 | Create | Spearman |
| 12:29 | Create | Villager (Male) |
| 12:37 | Create | Villager (Male) |
| 12:40 | Build | Archery Range |
| 12:48 | Build | House |
| 12:52 | Build | Palisade Wall |
| 12:55 | Create | Villager (Male) |
| 12:58 | Create | Scout Cavalry |
| 12:59 | Create | Scout Cavalry |
| 13:18 | Build | House |
| 13:19 | Build | Palisade Wall |
| 13:19 | Build | Palisade Wall |
| 13:21 | Create | Villager (Male) |
| 13:27 | Create | Archer |
| 13:27 | Create | Archer |
| 13:28 | Create | Villager (Male) |
| 13:47 | Build | Mill |
| 13:52 | Create | Villager (Male) |
| 14:04 | Create | Archer |
| 14:10 | Create | Scout Cavalry |
| 14:17 | Create | Villager (Male) |
| 14:21 | Research | Horse Collar |
| 14:23 | Create | Fishing Ship |
| 14:28 | Create | Archer |
| 14:38 | Create | Villager (Male) |
| 14:49 | Build | Blacksmith |
| 14:50 | Create | Villager (Male) |
| 14:52 | Create | Villager (Male) |
| 15:08 | Create | Villager (Male) |
| 15:10 | Create | Villager (Male) |
| 15:22 | Create | Villager (Male) |
| 15:27 | Build | House |
| 15:35 | Create | Scout Cavalry |
| 15:35 | Create | Scout Cavalry |
| 15:50 | Build | Mill |
| 15:52 | Create | Villager (Male) |
| 15:56 | Create | Villager (Male) |
| 15:59 | Build | House |
| 16:01 | Create | Fishing Ship |
| 16:13 | Build | Palisade Gate |
| 16:25 | Create | Villager (Male) |
| 16:29 | Build | Farm |
| 16:31 | Build | Farm |
| 16:33 | Build | Farm |
| 16:34 | Build | Farm |
| 16:38 | Build | House |
| 16:39 | Create | Villager (Male) |
| 17:05 | Create | Villager (Male) |
| 17:07 | Build | Farm |
| 17:20 | Research | Fletching |
| 17:32 | Build | Lumber Camp |
| 17:35 | Create | Villager (Male) |
| 17:44 | Create | Villager (Male) |
| 17:44 | Create | Villager (Male) |
| 17:51 | Build | Farm |
| 17:56 | Create | Villager (Male) |
| 18:11 | Build | Farm |
| 18:33 | Research | Castle Age |
| 18:33 | Research | Castle Age |
| 18:36 | Build | Farm |
| 18:38 | Build | Farm |
| 18:40 | Build | Farm |
| 18:43 | Build | Farm |
| 18:44 | Build | Farm |
| 18:50 | Create | Archer |
| 18:50 | Create | Archer |
| 18:54 | Create | Villager (Male) |
| 19:04 | Build | Mining Camp |
| 19:28 | Create | Spearman |
| 19:28 | Create | Spearman |
| 19:54 | Create | Spearman |
| 20:07 | Create | Spearman |
| 20:11 | Build | Stable |
| 20:25 | Create | Spearman |
| 20:28 | Research | Forging |
| 20:32 | Research | Bloodlines |
| 20:33 | Research | Bloodlines |
| 20:42 | Build | Farm |
| 20:47 | Build | Farm |
| 20:50 | Build | Farm |
| 20:58 | Create | Spearman |
Build order — Kejserguldbajer 2.
First 150 of 337 actions detected
| 0:01 | Create | Villager (Male) |
| 0:01 | Create | Villager (Male) |
| 0:02 | Create | Villager (Male) |
| 0:02 | Create | Villager (Male) |
| 0:02 | Create | Villager (Male) |
| 0:04 | Build | House |
| 0:05 | Build | House |
| 1:23 | Build | Lumber Camp |
| 1:30 | Create | Villager (Male) |
| 1:56 | Create | Villager (Male) |
| 2:25 | Create | Villager (Male) |
| 2:45 | Create | Villager (Male) |
| 3:06 | Create | Villager (Male) |
| 3:27 | Create | Villager (Male) |
| 3:47 | Build | House |
| 4:03 | Create | Villager (Male) |
| 4:08 | Build | Dock |
| 4:30 | Create | Villager (Male) |
| 4:31 | Create | Villager (Male) |
| 4:45 | Build | Palisade Wall |
| 4:48 | Build | Palisade Wall |
| 5:00 | Create | Fishing Ship |
| 5:00 | Create | Fishing Ship |
| 5:01 | Create | Villager (Male) |
| 5:19 | Create | Villager (Male) |
| 5:20 | Build | Palisade Wall |
| 5:22 | Build | Palisade Wall |
| 5:32 | Build | House |
| 5:43 | Create | Villager (Male) |
| 5:46 | Create | Fishing Ship |
| 5:59 | Create | Fishing Ship |
| 6:19 | Create | Villager (Male) |
| 6:30 | Create | Fishing Ship |
| 6:31 | Create | Villager (Male) |
| 6:40 | Build | House |
| 7:01 | Research | Loom |
| 7:31 | Build | House |
| 7:39 | Research | Feudal Age |
| 8:17 | Build | Barracks |
| 9:09 | Build | Dock |
| 9:31 | Create | Villager (Male) |
| 9:49 | Age | Feudal Age |
| 9:51 | Build | Stable |
| 9:53 | Research | Double-Bit Axe |
| 10:00 | Create | Villager (Male) |
| 10:08 | Build | Palisade Wall |
| 10:10 | Build | Palisade Wall |
| 10:17 | Create | Villager (Male) |
| 10:19 | Create | Fishing Ship |
| 10:24 | Create | Villager (Male) |
| 10:36 | Create | Scout Cavalry |
| 10:37 | Create | Scout Cavalry |
| 10:44 | Create | Spearman |
| 10:59 | Create | Villager (Male) |
| 11:02 | Create | Fishing Ship |
| 11:03 | Create | Fishing Ship |
| 11:14 | Build | House |
| 11:15 | Build | House |
| 11:17 | Build | House |
| 11:31 | Create | Villager (Male) |
| 11:43 | Create | Fishing Ship |
| 11:43 | Create | Fishing Ship |
| 11:44 | Create | Villager (Male) |
| 11:46 | Create | Scout Cavalry |
| 11:46 | Create | Scout Cavalry |
| 12:16 | Build | Mining Camp |
| 12:18 | Create | Villager (Male) |
| 12:19 | Create | Scout Cavalry |
| 12:41 | Build | Dock |
| 12:47 | Create | Villager (Male) |
| 12:51 | Create | Fishing Ship |
| 12:52 | Create | Fishing Ship |
| 13:18 | Build | Mill |
| 13:28 | Create | Spearman |
| 13:29 | Create | Villager (Male) |
| 13:37 | Create | Fishing Ship |
| 13:37 | Create | Fishing Ship |
| 13:50 | Create | Spearman |
| 14:05 | Create | Villager (Male) |
| 14:11 | Build | House |
| 14:31 | Create | Galley |
| 14:33 | Create | Villager (Male) |
| 14:38 | Create | Galley |
| 14:43 | Create | Fishing Ship |
| 14:43 | Create | Fishing Ship |
| 14:55 | Create | Spearman |
| 14:56 | Create | Villager (Male) |
| 14:59 | Build | House |
| 15:00 | Build | House |
| 15:10 | Create | Villager (Male) |
| 15:22 | Create | Villager (Male) |
| 15:26 | Research | Bloodlines |
| 15:46 | Build | Market |
| 15:50 | Create | Scout Cavalry |
| 15:50 | Create | Scout Cavalry |
| 16:10 | Create | Villager (Male) |
| 16:28 | Build | Blacksmith |
| 16:30 | Create | Villager (Male) |
| 16:34 | Create | Fishing Ship |
| 17:10 | Research | Castle Age |
| 17:12 | Build | Stable |
| 17:50 | Build | House |
| 17:51 | Build | House |
| 18:03 | Research | Forging |
| 18:30 | Create | Galley |
| 18:37 | Create | Fishing Ship |
| 18:38 | Create | Fishing Ship |
| 18:38 | Create | Fishing Ship |
| 18:49 | Build | House |
| 18:50 | Build | House |
| 18:53 | Research | Gold Mining |
| 18:59 | Build | Mining Camp |
| 19:34 | Research | Scale Barding Armor |
| 19:50 | Age | Castle Age |
| 19:51 | Create | Knight |
| 19:51 | Create | Knight |
| 19:54 | Create | Knight |
| 19:55 | Create | Knight |
| 19:56 | Create | Villager (Male) |
| 20:01 | Build | House |
| 20:13 | Create | Villager (Male) |
| 20:17 | Build | Town Center |
| 20:31 | Research | Chain Barding Armor |
| 20:33 | Create | Knight |
| 20:33 | Create | Knight |
| 20:46 | Create | Fishing Ship |
| 20:46 | Create | Fishing Ship |
| 20:46 | Create | Fishing Ship |
| 20:47 | Create | Villager (Male) |
| 21:03 | Create | Villager (Male) |
| 21:46 | Create | Villager (Male) |
| 21:48 | Build | Monastery |
| 21:54 | Research | Bow Saw |
| 21:56 | Create | Villager (Male) |
| 21:57 | Create | Knight |
| 21:58 | Create | Knight |
| 21:58 | Create | Knight |
| 22:11 | Create | Fishing Ship |
| 22:12 | Create | Villager (Male) |
| 22:23 | Create | Monk |
| 22:29 | Research | Town Watch |
| 22:31 | Create | Villager (Male) |
| 22:35 | Create | Fishing Ship |
| 22:35 | Create | Fishing Ship |
| 22:58 | Build | Farm |
| 23:07 | Create | Villager (Male) |
| 23:08 | Create | Villager (Male) |
| 23:11 | Build | Outpost |
| 23:12 | Build | Outpost |
| 23:39 | Create | Knight |
Match timeline
| 3:48 | [BRTIM] O grande · first_building Dock |
| 4:08 | Kejserguldbajer 2. · first_building Dock |
| 4:45 | Kejserguldbajer 2. · wall_segment Palisade Wall x1 |
| 4:48 | Kejserguldbajer 2. · wall_segment Palisade Wall x1 |
| 5:20 | Kejserguldbajer 2. · wall_segment Palisade Wall x1 |
| 5:22 | Kejserguldbajer 2. · wall_segment Palisade Wall x1 |
| 8:17 | Kejserguldbajer 2. · first_building Barracks |
| 8:47 | [BRTIM] O grande · first_building Barracks |
| 9:07 | [BRTIM] O grande · wall_segment Palisade Wall x6 |
| 9:38 | [BRTIM] O grande · age_up feudal |
| 9:49 | Kejserguldbajer 2. · age_up feudal |
| 9:51 | Kejserguldbajer 2. · first_building Stable |
| 9:57 | [BRTIM] O grande · wall_segment Palisade Wall x8 |
| 10:08 | Kejserguldbajer 2. · wall_segment Palisade Wall x1 |
| 10:10 | Kejserguldbajer 2. · wall_segment Palisade Wall x1 |
| 10:29 | [BRTIM] O grande · first_building Stable |
| 11:21 | [BRTIM] O grande · wall_segment Palisade Wall x1 |
| 11:37 | [BRTIM] O grande · wall_segment Palisade Wall x5 |
| 12:40 | [BRTIM] O grande · first_building Archery Range |
| 12:52 | [BRTIM] O grande · wall_segment Palisade Wall x12 |
| 13:19 | [BRTIM] O grande · wall_segment Palisade Wall x1 |
| 13:19 | [BRTIM] O grande · wall_segment Palisade Wall x1 |
| 16:50 | Kejserguldbajer 2. · first_market_buy 100 food |
| 19:50 | Kejserguldbajer 2. · age_up castle |
| 21:13 | [BRTIM] O grande · age_up castle |
| 21:20 | [BRTIM] O grande · first_building Monastery |
| 21:48 | Kejserguldbajer 2. · first_building Monastery |
| 24:34 | [BRTIM] O grande · first_building Castle |
| 25:56 | Kejserguldbajer 2. · first_building Castle |
| 27:18 | [BRTIM] O grande · first_building Siege Workshop |
| 28:20 | [BRTIM] O grande · first_market_buy 100 stone |
| 33:51 | [BRTIM] O grande · first_market_sell 500 wood |
| 34:05 | [BRTIM] O grande · wall_segment Stone Wall x3 |
| 34:55 | Kejserguldbajer 2. · age_up imperial |
| 37:06 | [BRTIM] O grande · age_up imperial |
| 37:34 | [BRTIM] O grande · wall_segment Stone Wall x3 |
| 38:18 | [BRTIM] O grande · wall_segment Stone Wall x1 |
| 38:18 | [BRTIM] O grande · wall_segment Stone Wall x1 |
| 38:20 | [BRTIM] O grande · wall_segment Stone Wall x1 |
| 38:20 | [BRTIM] O grande · wall_segment Stone Wall x1 |
| 38:33 | [BRTIM] O grande · wall_segment Stone Wall x1 |
| 38:34 | [BRTIM] O grande · wall_segment Stone Wall x1 |
| 38:35 | [BRTIM] O grande · wall_segment Stone Wall x1 |
| 38:37 | [BRTIM] O grande · wall_segment Stone Wall x1 |
| 38:39 | [BRTIM] O grande · wall_segment Stone Wall x1 |
| 38:58 | [BRTIM] O grande · wall_segment Stone Wall x1 |
| 38:59 | [BRTIM] O grande · wall_segment Stone Wall x1 |
| 39:00 | [BRTIM] O grande · wall_segment Stone Wall x1 |
| 39:05 | [BRTIM] O grande · wall_segment Stone Wall x1 |
| 39:20 | Kejserguldbajer 2. · wall_segment Stone Wall x1 |
| 39:40 | [BRTIM] O grande · resign |
[ AI ANALYSIS · 1 CREDIT ]
What really happened in this match?
Wolo.gg analyzes every decision: build order, eco, micro, common mistakes by bracket. Personalized analysis on WhatsApp or Discord in 30 seconds.
Civ guide
Poles
Perfil
[BRTIM] O grande